 Dungeon Crawl Stone Soup version 0.32-a0-814-g0968bab981 (webtiles) character file.

Game seed: 13805088658489859310

240 GigaChad the Chopper (level 6, -3/48 HPs)
             Began as a Human Fighter on Mar 22, 2024.
             Slain by a bullfrog (7 damage)
             ... in a sewer.
             The game lasted 00:02:56 (2023 turns).

GigaChad the Chopper (Human Fighter)                Turns: 2023, Time: 00:02:56

Health: -3/48      AC: 11    Str: 18    XL:     6   Next: 8%
Magic:  6/6        EV: -5    Int:  9    God:
Gold:   122        SH:  4    Dex: 12    Spells: 5/5 levels left

rFire   . . .        a - +0 war axe
rCold   . . .        c - +0 buckler
rNeg    . . .        p - +0 plate armour
rPois   .            (no helmet)
rElec   .            (no cloak)
rCorr   .            (no gloves)
SInv    .            (no boots)
Will    .....        (no amulet) Stlth
                     (no ring)
HPRegen 0.28/turn    (no ring)
MPRegen 0.10/turn

%: no passive effects
@: lethally poisoned (-3 -> -5), constricted, very slow
A: explore regen
a: no special abilities


You were in a sewer.
You visited 1 branch of the dungeon, and saw 3 of its levels.
You also visited: Sewer.

You collected 122 gold pieces.

Inventory:

Hand Weapons
 a - a +0 war axe (weapon)
Armour
 c - a +0 buckler (worn)
 p - a +0 plate armour (worn)
Jewellery
 k - an amulet of the acrobat
Wands
 l - a wand of warping (7)
Scrolls
 e - a scroll of identify
 f - a scroll of amnesia
 i - a scroll of blinking
 n - a scroll of immolation {unknown}
 o - 2 scrolls of enchant armour {unknown}
Potions
 b - 2 potions of invisibility {unknown}
 d - 2 potions of might
 g - a potion of attraction
 h - 2 potions of haste
 j - 3 potions of curing
 m - 2 potions of mutation {unknown}
 q - a potion of heal wounds {unknown}


   Skills:
 * Level 3.7 Fighting
 * Level 4.1 Axes
 * Level 3.7 Armour
 * Level 1.4 Dodging
 * Level 1.5 Stealth
 * Level 3.5 Shields


You had 5 spell levels left.
You didn't know any spells.
Your spell library contained the following spells:

 Spells                   Type           Power      Damage    Failure   Level
 Stone Arrow              Conj/Erth      0%         3d7       100%        3
 Animate Armour           Summ/Erth      0%         N/A       100%        4
 Lehudib's Crystal Spear  Conj/Erth      0%         10d2      100%        8


Dungeon Overview and Level Annotations

Branches:
Dungeon (3/15)              Sewer (1/1)

Altars:
Dithmenos


Innate Abilities, Weirdness & Mutations

You regain HP and MP as you explore.


Message History

Unknown command.
You are too injured to fight recklessly!
The ball python hisses angrily. x2
You hit the rat.
You kill the rat!
You barely miss the bullfrog. x2; You hit the adder.
The bullfrog hits you but does no damage.
The adder bites you but does no damage. You block the bullfrog's attack.
The bullfrog hits you but does no damage.
You block the adder's attack. The bullfrog hits you. The bullfrog hits you. x2
* * * LOW HITPOINT WARNING * * *
The adder bites you.
* * * LOW HITPOINT WARNING * * *
You are poisoned.
The adder poisons you!
The ball python bites you but does no damage.
The ball python barely misses you.
The bullfrog hits you but does no damage. x2
The ball python bites you but does no damage.
The ball python barely misses you. The adder bites you but does no damage.
The ball python barely misses you.
You barely miss the ball python.
You hit the bullfrog. x2; You hit the adder.
You kill the adder!
You slash the ball python!
You kill the ball python!
You feel sick. The bullfrog hits you.
* * * LOW HITPOINT WARNING * * *
The bullfrog hits you but does no damage. x2
The ball python bites you but does no damage.
The ball python grabs you. The ball python constricts you.
The bullfrog hits you but does no damage.
Your unstable footing causes you to fumble your attack.
* * * LOW HITPOINT WARNING * * *
You feel sick. You block the bullfrog's attack. x2
The ball python bites you but does no damage.
The ball python constricts you.
The bullfrog hits you but does no damage.
The bullfrog hits you!
You die...

###################
###.#~~≈≈≈~~~~~~≈≈~~.
##...~~≈~~~≈~FF†≈~~≈~~
#....~~~~~~~#~@S~~~~~.
#.....~~~~~~~≈≈~~~~~≈~
##....~~~~~~≈≈≈≈≈~~~~~~
#......~≈≈≈≈≈≈≈≈≈≈≈≈~~#
#....##################
##...#### #....#..#
#....'..# #...#####


You could see 2 bullfrogs and a ball python.

Vanquished Creatures
  An orc priest (D:3)
  Natasha (twice) (D:2)
  5 adders
  3 river rats (Sewer)
  2 dart slugs (D:1)
  A ribbon worm (D:3)
  3 orcs (D:3)
  8 ball pythons
  6 bats
  2 endoplasms (D:1)
  6 giant cockroaches
  7 goblins
  3 hobgoblins
  2 jackals (D:3)
  4 kobolds
  4 quokkas
  5 frilled lizards
  23 rats
87 creatures vanquished.

Notes
Turn   | Place    | Note
-------+----------+-------------------------------------------
     0 | D:1      | GigaChad the Human Fighter began the quest for the Orb.
     0 | D:1      | Reached XP level 1. HP: 18/18 MP: 1/1
   104 | D:1      | Reached XP level 2. HP: 20/24 MP: 2/2
   386 | D:1      | Reached XP level 3. HP: 17/29 MP: 3/3
   747 | D:2      | Found a shadowy altar of Dithmenos.
   873 | D:2      | Noticed Natasha
   876 | D:2      | Killed Natasha
   877 | D:2      | Reached XP level 4. HP: 35/35 MP: 4/4
  1171 | D:2      | Reached skill level 3 in Axes
  1184 | D:2      | Noticed Natasha
  1189 | D:2      | Killed Natasha
  1314 | D:3      | Reached skill level 1 in Dodging
  1314 | D:3      | Reached skill level 1 in Stealth
  1314 | D:3      | Reached XP level 5. HP: 25/41 MP: 5/5
  1607 | D:3      | Identified the scarf of the Trout {rC+ rF+, Str+2 Dex+5}
  1625 | D:3      | Found a glowing drain.
  1637 | Sewer    | Entered a sewer
  1923 | Sewer    | Reached skill level 4 in Axes
  2020 | Sewer    | Reached XP level 6. HP: 23/48 MP: 6/6
  2023 | Sewer    | Slain by a bullfrog

Illustrated notes

Levels and vault maps discovered:
D:1:      dpeg_arrival_rooms_c, layout_basic
D:2:      layout_basic, basic_altar, uniq_natasha
D:3:      wad_woods_tower, layout_rooms, portal_sewer_entry_c,
          corexii_item_surrounded_by_moat, uniq_grinder
Sewer:    sewer_minmay_w

Skill      XL: |  1  2  3  4  5 |
---------------+----------------+-----
Axes           | 3 4 |  4.1
Dodging        | 1 |  1.4
Stealth        | 1 |  1.5
Fighting       | |  3.7
Armour         | |  3.7
Shields        | |  3.5

Action                     |  1- 3 |  4- 6 || total
---------------------------+-------+-------++-------
  Melee: War axe           |    65 |   133 ||   198
    Use: Scroll            |       |     5 ||     5
         Potion            |       |     1 ||     1
 Armour: Scale mail        |    47 |   127 ||   174
         Plate armour      |       |    34 ||    34
  Dodge: Dodged            |    26 |    63 ||    89
  Block: Buckler           |    12 |    49 ||    61

Table legend: (Time is in decaauts)
 A = Elapsed time spent in this place.
 B = Non-inter-level travel time spent in this place.
 C = Inter-level travel time spent in this place.
 D = Time resting spent in this place.
 E = Time spent auto-exploring this place.
 F = Levels seen in this place.
 G = Mean time per level.
                   A        B        C        D        E       F      G
               +--------+--------+--------+--------+--------+-----+--------+
         Total |   2136 |   2106 |     30 |      0 |   1570 |   4 |  534.0 |
       Dungeon |   1697 |   1667 |     30 |      0 |   1295 |   3 |  565.7 |
         Sewer |    439 |    439 |      0 |      0 |    275 |   1 |  439.0 |
               +--------+--------+--------+--------+--------+-----+--------+

Top non-repeatable levels by time:
     D:1: 749 daAuts
     D:2: 570 daAuts
   Sewer: 439 daAuts
     D:3: 377 daAuts
